 Dungeon Crawl Stone Soup version 0.31-a0-339-gda1cbd555d (webtiles) character file.

Game seed: 14237301788491762157

32 senseless the Insei (level 3, -6/23 (24) HPs)
             Began as an Octopode Shapeshifter on July 20, 2023.
             Mangled by Crazy Yiuf
             ... wielding a +3 quarterstaff of chaos
              (17 damage)
             ... on level 2 of the Dungeon.
             The game lasted 00:01:04 (849 turns).

senseless the Insei (Octopode Shapeshifter)          Turns: 849, Time: 00:01:05

HP:   -6/23 (24)    AC:  1    Str: 14    XL:     3   Next: 25%
MP:   3/3           EV: 13    Int: 10    God:
Gold: 85            SH:  0    Dex: 14    Spells: 2/2 levels left

rFire   . .          .
                       - Unarmed
rCold   . . .        (no shield)
rNeg    . . .        (helmet currently unavailable)
rPois   .            (no amulet)
rElec   .            (no ring)
rCorr   .            (no ring)
SInv    .            (no ring)
Will    .....        (no ring)
Stlth   ++           (no ring)
HPRegen 0.23/turn    (no ring)
MPRegen 0.08/turn    (no ring)
                     (no ring)

%: no passive effects
@: beast-form, lightly drained
A: beast (slay +2), almost no armour, amphibious, 8 rings, camouflage 1,
gelatinous body 1, (nimble swimmer 1), tentacles
a: Begin Untransformation


You were on level 2 of the Dungeon.
You were a hulking beast.
You visited 1 branch of the dungeon, and saw 2 of its levels.

You collected 85 gold pieces.

Inventory:

Talismans
 b - a beast talisman
Scrolls
 c - a scroll of fear {unknown}
 g - 2 scrolls of enchant armour {unknown}
 h - 3 scrolls of identify {unknown}
Potions
 a - a potion of lignification
 d - a potion of curing {unknown}
 e - a potion of enlightenment {unknown}
 f - 3 potions of berserk rage {unknown}


   Skills:
 + Level 1.6 Fighting
 + Level 2.4 Dodging
 + Level 3.3 Unarmed Combat
 + Level 3.2 Shapeshifting


You had 2 spell levels left.
You didn't know any spells.
Your spell library was empty.

Dungeon Overview and Level Annotations

Branches:
Dungeon (2/15)

Altars:

Annotations:
D:2 Crazy Yiuf


Innate Abilities, Weirdness & Mutations

You are a hulking beast.
Your limbs bulge with bestial killing power. (Slay +2)
You cannot wear most types of armour.
You are amphibious.
You can wear up to eight rings at the same time.
Your skin changes colour to match your surroundings (Stealth+).
Your rubbery body absorbs attacks. (AC +1, EV +1)
((You are camouflaged when in or above water. (Stealth+)))
You have tentacles for arms and can constrict up to eight enemies at once.


Message History

No target in view!
No target in view!
No target in view!
No target in view!
No target in view!
No target in view!
No target in view!
No target in view!
No target in view!
No target in view!
No target in view!
f - 3 smoky brown potions (gained 2)
Found a stone staircase leading down.
Found a robe.
Found a hammer.
Found two hammers.
You see here a +0 hammer.
Found six hammers.
Found a runed translucent door.
You see here a +0 hammer.
You see here a +0 hammer.
You see here a +0 hammer.
Found three hammers.
You see here a +0 hammer.
You open the door.
Crazy Yiuf hits you with a +3 quarterstaff of chaos!
You feel drained.
There is an open translucent door here.
You tentacle-slap Crazy Yiuf. Your grab misses Crazy Yiuf.
You squeeze Crazy Yiuf!
Crazy Yiuf is severely wounded.
Crazy Yiuf closely misses you.
You closely miss Crazy Yiuf. Your grab misses Crazy Yiuf.
Your tentacle-slap misses Crazy Yiuf.
Your squeeze misses Crazy Yiuf.
Crazy Yiuf is severely wounded.
Crazy Yiuf barely misses you.
You completely miss Crazy Yiuf. Your grab misses Crazy Yiuf.
Crazy Yiuf is severely wounded.
Crazy Yiuf hits you with a +3 quarterstaff of chaos!
Ouch! That really hurt!
You die...

........# #....#
........# ♣....♣
..####..# ♣♣..)♣
### #..# ♣♣)♣♣ ##
#..#### ♣♣)♣
.#####.....# ♣)♣♣
.>.....<...# ♣♣)♣
.##.......## ♣)♣♣
...........# #h#
###..††..#.# #)g)#
# #.)..).#.# #)))#
# #..#.#.#.# #).)#
###..#.#.#.# #####
..#......#.#
.......###.# ###
..###..###.#######
#.# ###
#............# #.#


You could see Crazy Yiuf.

Vanquished Creatures
  An adder (D:2)
  5 endoplasms
  A goblin (D:1)
  3 hobgoblins
  2 quokkas
  3 bats
  A frilled lizard (D:2)
  3 kobolds
  2 rats (D:1)
21 creatures vanquished.

Notes
Turn   | Place    | Note
-------+----------+-------------------------------------------
     0 | D:1      | senseless the Octopode Shapeshifter began the quest for the
                  | Orb.
     0 | D:1      | Reached XP level 1. HP: 13/13 MP: 1/1
   180 | D:1      | Reached XP level 2. HP: 18/18 MP: 2/2
   698 | D:2      | Reached XP level 3. HP: 12/23 MP: 3/3
   841 | D:2      | Found a runed translucent door.
   842 | D:2      | Noticed Crazy Yiuf
   849 | D:2      | Mangled by Crazy Yiuf

Illustrated notes

Levels and vault maps discovered:
D:1:      lemuel_arrival_tunnels, layout_rooms
D:2:      layout_loops_ring, basic_altar, uniq_crazy_yiuf_cottage

Action                     || total
---------------------------++-------
  Melee: Unarmed           ||    45
         Constrict         ||     6
         Tentacles         ||     7
         Punch             ||     1
   Stab: Sleeping          ||     6
 Armour: Skin              ||     6
  Dodge: Dodged            ||    21

Table legend: (Time is in decaauts)
 A = Elapsed time spent in this place.
 B = Non-inter-level travel time spent in this place.
 C = Inter-level travel time spent in this place.
 D = Time resting spent in this place.
 E = Time spent auto-exploring this place.
 F = Levels seen in this place.
 G = Mean time per level.
                   A        B        C        D        E       F      G
               +--------+--------+--------+--------+--------+-----+--------+
         Total |    846 |    803 |     43 |      0 |    663 |   2 |  423.0 |
       Dungeon |    846 |    803 |     43 |      0 |    663 |   2 |  423.0 |
               +--------+--------+--------+--------+--------+-----+--------+

Top non-repeatable levels by time:
     D:1: 592 daAuts
     D:2: 254 daAuts
